 Dungeon Crawl Stone Soup version 0.27.1-15-g792fb953b9 (webtiles) character file.

Game seed: 11904111214174088833

2 spaced the Firebug (level 1, 0/13 HPs)
             Began as a Demonspawn Fire Elementalist on Nov 19, 2021.
             Slain by a jackal (1 damage)
             ... on level 1 of the Dungeon.
             The game lasted 00:01:47 (130 turns).

spaced the Firebug (Demonspawn Fire Elementalist)    Turns: 130, Time: 00:01:47

Health: 0/13       AC:  3    Str:  8    XL:     1   Next: 25%
Magic:  1/3        EV: 12    Int: 16    God:
Gold:   0          SH:  0    Dex: 13    Spells: 3/4 levels left

rFire    . . .     SeeInvis .   (no weapon)
rCold    . . .     Faith    .   (no shield)
rNeg     . . .     Spirit   .   a - +1 robe
rPois    .         Reflect  .   (no helmet)
rElec    .         Harm     .   (no cloak)
rCorr    .         Rampage  .   (no gloves)
Will     .....                  (no boots)
Stlth    ++........             (no amulet)
HPRegen  0.04/turn              (no ring)
MPRegen  0.08/turn              (no ring)

@: no status effects
A: no striking features
a: no special abilities


You were on level 1 of the Dungeon.
You visited 1 branch of the dungeon, and saw 1 of its levels.

Inventory:

Armour
 a - a +1 robe (worn)


   Skills:
 + Level 1.7 Dodging
 + Level 1.8 Stealth
 + Level 2.0 Spellcasting
 + Level 1.0 Conjurations
 + Level 2.8 Fire Magic


You had 3 spell levels left.
You knew the following spells:

 Your Spells              Type           Power      Damage    Failure   Level
a - Foxfire               Conj/Fire      28%        2x1d5     10%         1

Your spell library contained the following spells:

 Spells                   Type           Power      Damage    Failure   Level
 Conjure Flame            Conj/Fire      7%         6-21      28%         3
 Inner Flame              Hex/Fire       6%         N/A       34%         3
 Sticky Flame             Conj/Fire      7%         2d3       67%         4
 Fireball                 Conj/Fire      3%         3d4       95%         5


Dungeon Overview and Level Annotations

Branches:
Dungeon (1/15)

Altars:


Message History

You miscast Foxfire.
You are very lightly contaminated with residual magic.
Nothing appears to happen.
The jackal misses you.
A quokka comes into view.
The jackal barely misses you. The jackal barely misses you.
Your magical contamination has completely faded away.
The jackal barely misses you.
You see here a rat corpse.
The jackal closely misses you.
Casting: Foxfire (safe; 10% risk of failure)
Confirm with . or Enter, or press ? or * to list all spells.
You conjure some foxfire!
The jackal closely misses you. The jackal bites you.
Your foxfire dissipates!
The jackal bites you.
The jackal bites you but does no damage.
Found a stone staircase leading down.
The jackal barely misses you.
A ball python comes into view.
The jackal bites you but does no damage.
The ball python hisses angrily.
The jackal bites you. The jackal barely misses you.
The ball python completely misses you. The ball python closely misses you.
There is a stone staircase leading down here.
Found 7 gold pieces.
The jackal barely misses you. The ball python misses you.
The ball python grabs you. The ball python constricts you.
The ball python's grasp on you weakens, but your attempt to escape fails.
The jackal bites you but does no damage.
The ball python bites you.
* * * LOW HITPOINT WARNING * * *
The ball python constricts you.
You escape the ball python's grasp.
The jackal misses you. The jackal bites you.
* * * LOW HITPOINT WARNING * * *
The jackal bites you but does no damage.
You see here 7 gold pieces.
Casting: Foxfire (safe; 10% risk of failure)
Confirm with . or Enter, or press ? or * to list all spells.
You conjure some foxfire!
The jackal bites you.
You die...

#>.........'...+
#.##########...#
#.##########...#
#...........####
+...........#
#h.g........#
#...........#
#.Sh........#
#..@v.......#
#...v.......#
#...........#
#...........#
#...........########
...................#
#.#################.#
.. ##.. #>..


You could see 2 jackals, a goblin and a ball python.

Vanquished Creatures
  A bat (D:1)
  A kobold (D:1)
  A rat (D:1)
3 creatures vanquished.

Vanquished Creatures (others)
  9 foxfires (D:1)
9 creatures vanquished.

Grand Total: 12 creatures vanquished

Notes
Turn   | Place    | Note
-------+----------+-------------------------------------------
     0 | D:1      | spaced the Demonspawn Fire Elementalist began the quest for
                  | the Orb.
     0 | D:1      | Reached XP level 1. HP: 13/13 MP: 3/3
   130 | D:1      | Slain by a jackal

Illustrated notes

Levels and vault maps discovered:
D:1:      lemuel_arrival_broad_hall, layout_basic

Action                   || total
-------------------------++-------
Melee: Unarmed           ||     1
 Cast: Foxfire           ||     8
  Use: Scroll            ||     1
Armor: Robe              ||     6
Dodge: Dodged            ||    28
